 Dungeon Crawl Stone Soup version 0.28.0-1-gb440e238dd (webtiles) character file.

Game seed: 12617584542727731171

246 arthad the Chopper (level 6, -3/42 HPs)
             Began as an Octopode Wanderer on Feb 20, 2022.
             Slain by an orc (10 damage)
             ... on level 3 of the Dungeon.
             The game lasted 00:08:48 (3208 turns).

arthad the Chopper (Octopode Wanderer)              Turns: 3208, Time: 00:08:48

Health: -3/42      AC:  1    Str: 11    XL:     6   Next: 11%
Magic:  7/7        EV: 14    Int: 15    God:
Gold:   82         SH:  0    Dex: 13    Spells: 7/7 levels left

rFire   . . .      SeeInvis .   a - +2 hand axe
rCold   . . .      Faith    .   (no shield)
rNeg    . . .      Spirit   .   d - +0 hat
rPois   .          Reflect  .   (no amulet)
rElec   .          Harm     .   (no ring)
rCorr   .          Rampage  .   (no ring)
Will    .....                   (no ring)
Stlth   +++.......              (no ring)
HPRegen 0.14/turn               (no ring)
MPRegen 0.10/turn               (no ring)
                                (no ring)
                                (no ring)

@: brilliant
A: almost no armour, amphibious, 8 rings, camouflage 1, gelatinous body 1,
(nimble swimmer 1), tentacles
a: no special abilities


You were on level 3 of the Dungeon.
You visited 1 branch of the dungeon, and saw 3 of its levels.

You collected 82 gold pieces.

Inventory:

Hand Weapons
 a - a +2 hand axe (weapon)
 b - a +0 shortbow
 l - a +4 quarterstaff of chaos
 o - a +0 dagger of protection
Missiles
 c - 50 arrows
Armour
 d - a +0 hat (worn)
Scrolls
 f - 2 scrolls of identify {unknown}
 h - 2 scrolls of immolation {unknown}
 j - a scroll of brand weapon {unknown}
 k - a scroll of fog {unknown}
 m - a scroll of teleportation {unknown}
Potions
 g - a potion of berserk rage
 i - a potion of attraction {unknown}
 n - a potion of curing {unknown}


   Skills:
 * Level 3.2 Fighting
 * Level 5.6 Axes
 * Level 2.6 Bows
 * Level 3.2 Dodging
 + Level 2.1 Stealth
 + Level 1.3 Spellcasting


You had 7 spell levels left.
You didn't know any spells.
Your spell library was empty.

Dungeon Overview and Level Annotations

Branches:
Dungeon (3/15)

Altars:
Vehumet
Yredelemnul


Innate Abilities, Weirdness & Mutations

You cannot wear most types of armour.
You are amphibious.
You can wear up to eight rings at the same time.
Your skin changes colour to match your surroundings (Stealth+).
Your rubbery body absorbs attacks. (AC +1, EV +1)
((You are camouflaged when in or above water. (Stealth+)))
You have tentacles for arms and can constrict up to eight enemies at once.


Message History

The quokka bites you.
You shoot an arrow. The arrow misses the quokka.
The arrow completely misses the orc.
The quokka bites you.
You shoot an arrow. The arrow closely misses the quokka.
The arrow hits the orc priest but does no damage.
The orc hits you but does no damage. The quokka barely misses you.
You shoot an arrow.
The arrow hits the quokka but does no damage.
The quokka is almost dead.
The quokka barely misses you. The quokka closely misses you.
The orc barely misses you.
You shoot an arrow.
The arrow hits the quokka but does no damage.
The quokka is almost dead.
The quokka bites you. The orc closely misses you.
a - a +2 hand axe (weapon)
The quokka closely misses you.
You hit the quokka.
You kill the quokka!
You hit the orc. You hit the orc but do no damage. The orc barely misses you.
The orc closely misses you.
You barely miss the orc. Your grab misses the orc.
You squeeze the orc, but do no damage.
The orc is moderately wounded.
You hit the orc but do no damage.
You hit the orc priest but do no damage.
The orc hits you with a +0 flail! The orc misses you.
The orc priest closely misses you.
You hit the orc but do no damage. Your grab misses the orc.
The orc is moderately wounded.
You hit the orc priest but do no damage.
You hit the orc but do no damage. The orc hits you with a +0 flail.
The orc hits you with a +0 club.
* * * LOW HITPOINT WARNING * * *
The orc priest hits you with a +0 flail.
* * * LOW HITPOINT WARNING * * *
It was a potion of brilliance.
You feel clever all of a sudden. The orc hits you with a +0 flail!
You die...

#...#............#
###
#.###....).......#
## #........[...#
#............#
#...########.#
.....###......#
####..##...⌠...#
##.#.._.....#
#.#.o@.#####
#.oo## #..o(
#.._.. ##...8.
##(.... #######


You could see an orc priest and 3 orcs.

Vanquished Creatures
  An orc priest (D:3)
  Crazy Yiuf (D:2)
  Terence (D:2)
  2 orc wizards (D:3)
  Robin (D:3)
  An adder (D:2)
  A worm (D:2)
  5 orcs (D:3)
  5 ball pythons
  6 bats
  3 endoplasms
  2 giant cockroaches
  17 goblins
  10 hobgoblins
  8 jackals
  2 kobolds
  4 quokkas
  A frilled lizard (D:2)
  10 rats
81 creatures vanquished.

Notes
Turn   | Place    | Note
-------+----------+-------------------------------------------
     0 | D:1      | arthad the Octopode Wanderer began the quest for the Orb.
     0 | D:1      | arthad set off with the following items: a +2 hand axe, a
                  | +0 shortbow, 27 arrows, a +0 hat
     0 | D:1      | Reached XP level 1. HP: 14/14 MP: 1/1
     3 | D:1      | You fall into a shaft and drop 1 floor!
    15 | D:2      | Found a runed translucent door.
    16 | D:2      | Noticed Crazy Yiuf
   261 | D:1      | Found a faded altar of an unknown god.
   350 | D:1      | Reached XP level 2. HP: 19/19 MP: 2/2
   677 | D:1      | Reached skill level 1 in Stealth
   864 | D:1      | Reached XP level 3. HP: 24/24 MP: 3/3
  1612 | D:2      | Noticed Terence
  1623 | D:2      | Killed Terence
  1624 | D:2      | Reached XP level 4. HP: 16/30 MP: 3/5
  2273 | D:2      | Killed Crazy Yiuf
  2274 | D:2      | Reached skill level 1 in Spellcasting
  2274 | D:2      | Reached XP level 5. HP: 19/36 MP: 6/6
  2852 | D:3      | Noticed Robin
  2854 | D:3      | Reached XP level 6. HP: 37/42 MP: 7/7
  2863 | D:3      | Killed Robin
  3192 | D:3      | Found a radiant altar of Vehumet.
  3196 | D:3      | Found a basalt altar of Yredelemnul.
  3208 | D:3      | Slain by an orc

Illustrated notes

Levels and vault maps discovered:
D:1:      amcnicky_arrival_blooded_trapdoor, layout_basic,
          shapermc_ecumenical_altar_acropolis, minmay_misc_feat_doors,
          chequers_serial_rivers_micro_b, grunt_decor_cap, minmay_hedge_maze
D:2:      minmay_razor_zed, layout_basic, uniq_terence, uniq_crazy_yiuf_cottage
D:3:      layout_basic, nicolae_overflow_hallway_of_the_gods, uniq_robin,
          uniq_grinder, uniq_jessica

Skill      XL: |  1  2  3  4  5 |
---------------+----------------+-----
Stealth        | 1 2 |  2.1
Bows           | 2 |  2.6
Spellcasting   | 1 |  1.3
Fighting       | 3 |  3.2
Dodging        | 3 |  3.2
Axes           | |  5.6

Action                   |  1- 3 |  4- 6 || total
-------------------------+-------+-------++-------
Melee: Hand axe          |    37 |    60 ||    97
       Constrict         |     8 |    13 ||    21
       Tentacles         |     6 |    10 ||    16
 Fire: Shortbow          |    58 |    41 ||    99
  Use: Potion            |       |     2 ||     2
 Stab: Sleeping          |     2 |     4 ||     6
Armor: Skin              |     2 |     6 ||     8
Dodge: Dodged            |    23 |    47 ||    70
